 Dungeon Crawl Stone Soup version 0.27-a0-1193-g8631133539 (webtiles) character file.

Game seed: 8394494136935109557

5621 senseless the Nimble (level 10, -15/82 HPs)
             Began as a Gnoll Monk on May 25, 2021.
             Was a High Priest of Zin.
             Killed by divine providence
             ... invoked by a meliai
              (16 damage)
             ... on level 9 of the Dungeon.
             The game lasted 00:29:37 (8952 turns).

senseless the Nimble (Gnoll Monk)                   Turns: 8952, Time: 00:29:38

Health: -15/82     AC: 11    Str: 14    XL:     10   Next: 73%
Magic:  18/18      EV: 17    Int:  9    God:    Zin [*****.]
Gold:   248        SH:  0    Dex: 21    Spells: 20/20 levels left

rFire    . . .     SeeInvis .   B - +4 halberd (spect)
rCold    . . .     Faith    .   (shield currently unavailable)
rNeg     . . .     Spirit   .   D - +0 acid dragon scales
rPois    .         Reflect  .   h - +0 helmet
rElec    .         Harm     .   z - scarf {repulsion}
rCorr    +         Rampage  .   i - +0 pair of gloves
Will     +....                  x - +0 pair of boots
Stlth    ++++......             r - amulet of regeneration
HPRegen  1.23/turn              o - ring of willpower
MPRegen  0.16/turn              w - +6 ring of dexterity

@: lethally poisoned (-15 -> -37), about to teleport, studying Poison Magic,
repel missiles
A: fangs 1, strong nose, distributed training
a: Renounce Religion, Recite, Vitalisation, Imprison, Sanctuary, Donate Gold


You were on level 9 of the Dungeon.
You worshipped Zin.
Zin was extremely pleased with you.
You visited 1 branch of the dungeon, and saw 9 of its levels.

You collected 448 gold pieces.
You donated 200 gold pieces to Zin.

Inventory:

Hand Weapons
 B - a +4 spectral halberd (weapon)
 G - a +3 trident
Missiles
 b - 7 silver javelins (quivered)
Armour
 h - a +0 helmet (worn)
 i - a +0 pair of gloves (worn)
 m - a +1 buckler
 q - a +1 ring mail of cold resistance
 x - a +0 pair of boots (worn)
 z - a scarf of repulsion (worn)
 C - a +2 robe of the Archmagi
 D - +0 acid dragon scales (worn)
Magical Staves
 u - a staff of air
Jewellery
 d - an amulet of guardian spirit
 f - a ring of magical power
 o - a ring of willpower (left hand)
 r - an amulet of regeneration (around neck)
 w - a +6 ring of dexterity (right hand)
 A - a ring of poison resistance
Wands
 y - a wand of iceblast (8)
Scrolls
 e - a scroll of teleportation
 s - a scroll of amnesia
 v - a scroll of fog
 E - a scroll of identify
Potions
 a - a potion of brilliance
 c - a potion of invisibility
 g - a potion of flight
 j - 2 potions of attraction
 k - 2 potions of heal wounds
 l - 2 potions of berserk rage
 n - a potion of resistance
 p - a potion of curing
 t - 2 potions of cancellation


   Skills:
 + Level 8.7 Fighting
 + Level 5.5 Short Blades
 + Level 5.5 Long Blades
 + Level 8.7 Axes
 + Level 5.5 Maces & Flails
 + Level 5.5 Polearms
 + Level 5.5 Staves
 + Level 5.5 Slings
 + Level 5.5 Bows
 + Level 5.5 Crossbows
 + Level 5.5 Throwing
 + Level 5.5 Armour
 + Level 8.7 Dodging
 + Level 7.0 Stealth
 + Level 5.5 Shields
 + Level 5.5 Unarmed Combat
 + Level 5.5 Spellcasting
 + Level 4.6 Conjurations
 + Level 4.6 Hexes
 + Level 4.6 Summonings
 + Level 4.6 Necromancy
 + Level 4.6 Translocations
 + Level 4.6 Transmutations
 + Level 4.6 Fire Magic
 + Level 4.6 Ice Magic
 + Level 4.6 Air Magic
 + Level 4.6 Earth Magic
 + Level 6.0 Poison Magic
 + Level 6.1 Invocations
 + Level 5.5 Evocations


You had 20 spell levels left.
You didn't know any spells.
Your spell library was empty.

Dungeon Overview and Level Annotations

Branches:
Dungeon (9/15)             Temple (0/1) D:5
   Lair: D:8-11         Orc: D:9-12

Altars:
Cheibriados
Dithmenos
Elyvilon
Hepliaklqana
Nemelex Xobeh
Trog
Uskayaw
Yredelemnul
Zin
The Shining One

Annotations:
D:7 2 transporters, exclusion: ice statue, Cralpanu's ghost, novice HOGl


Innate Abilities, Weirdness & Mutations

You have very sharp teeth.
Your uncanny sense of smell can sniff out nearby items.
Your experience applies equally to all skills.


Message History

Your spectral weapon shares its damage with you!
You hit the meliai. Your bite misses the meliai.
The meliai is almost dead.
Your spectral weapon hits the meliai!
You kill the meliai!
The meliai mumbles some strange prayers to its god against you.
Something smites you!
The meliai closely misses your spectral weapon.
The meliai stings your spectral weapon.
Your spectral weapon shares its damage with you!
Something barely misses your spectral weapon.
Something closely misses your spectral weapon.
Your Poison Magic skill increases to level 6!
You are too injured to fight recklessly!
You are too injured to fight recklessly!
The meliai mumbles some strange prayers to its god against you.
Something smites you!
You barely miss the meliai. You bite the meliai, but do no damage.
Your spectral weapon barely misses the meliai.
The meliai hits you with a +0 hand axe.
The meliai stings you but does no damage.
The meliai barely misses you.
The meliai hits your spectral weapon with a +0 hand axe!
Your spectral weapon shares its damage with you!
* * * LOW HITPOINT WARNING * * *
The meliai misses you.
As you read the scroll of teleportation, it crumbles to dust.
You feel strangely unstable. The meliai barely misses you.
The meliai stings you!
* * * LOW HITPOINT WARNING * * *
You are poisoned.
The meliai poisons you! The meliai hits you with a +0 hand axe!
* * * LOW HITPOINT WARNING * * *
The meliai stings you.
* * * LOW HITPOINT WARNING * * *
You are more poisoned.
The meliai poisons you! The meliai misses you. x2
The meliai invokes the aid of its god against you.
Something smites you!
You die...

##.#....'..........#
..#)....#..........#
..).....#..........#
[......##..........#
......##...........#
#######............#
#######§#####
#.yy### ## ###@§.#
.# ###.# .
##########'## ##.
............# P_.
............# ..P
............# P⌠.
............# ..
............# #+#
............#


You could see 2 meliai.

Vanquished Creatures
  A two-headed ogre (D:9)
  A manticore (D:7)
  A komodo dragon (D:9)
  A meliai (D:9)
  6 yaks (D:9)
  2 steam dragons
  An acid dragon (D:8)
  2 water moccasins
  2 ice beasts
  2 orc warriors
  5 ogres
  A centaur (D:9)
  6 scorpions
  A wyvern zombie (D:7)
  A bullfrog (D:8)
  A water moccasin zombie (D:5)
  10 wights
  A howler monkey (D:6)
  A vampire bat (D:8)
  A centaur zombie (D:5)
  A gnoll shaman (D:8)
  2 bullfrog zombies (D:5)
  3 hounds
  A bullfrog skeleton (D:7)
  2 jellies
  4 iguanas
  3 orc wizards
  Ijyb (D:4)
  2 killer bee zombies
  10 gnolls
  4 adders
  2 river rats (D:5)
  An adder skeleton (D:4)
  A worm (D:2)
  5 dart slugs
  11 orcs
  7 endoplasms
  7 giant cockroaches
  8 goblins
  8 hobgoblins
  6 jackals
  A quokka (D:5)
  8 ball pythons
  12 bats
  A frilled lizard (D:3)
  6 kobolds
  10 rats
174 creatures vanquished.

Notes
Turn   | Place    | Note
-------+----------+-------------------------------------------
     0 | D:1      | senseless the Gnoll Monk began the quest for the Orb.
     0 | D:1      | Reached XP level 1. HP: 23/23 MP: 1/1
   385 | D:1      | Found a faded altar of an unknown god.
   396 | D:1      | Became a worshipper of Zin the Law-Giver
   396 | D:1      | Reached * piety under Zin
   396 | D:1      | Reached ** piety under Zin
   426 | D:1      | Reached XP level 2. HP: 23/29 MP: 0/2
   589 | D:1      | Reached *** piety under Zin
   889 | D:1      | Reached XP level 3. HP: 33/35 MP: 3/3
  1049 | D:1      | Donated 32 gold pieces to Zin
  1141 | D:2      | Reached skill level 1 in Invocations
  1482 | D:2      | Reached skill level 1 in Short Blades
  1482 | D:2      | Reached skill level 1 in Long Blades
  1482 | D:2      | Reached skill level 1 in Maces & Flails
  1482 | D:2      | Reached skill level 1 in Polearms
  1482 | D:2      | Reached skill level 1 in Staves
  1482 | D:2      | Reached skill level 1 in Slings
  1482 | D:2      | Reached skill level 1 in Bows
  1482 | D:2      | Reached skill level 1 in Crossbows
  1482 | D:2      | Reached skill level 1 in Throwing
  1482 | D:2      | Reached skill level 1 in Armour
  1482 | D:2      | Reached skill level 1 in Shields
  1482 | D:2      | Reached skill level 1 in Unarmed Combat
  1482 | D:2      | Reached skill level 1 in Spellcasting
  1482 | D:2      | Reached skill level 1 in Evocations
  1482 | D:2      | Reached XP level 4. HP: 31/41 MP: 5/5
  1983 | D:2      | Found a white marble altar of Elyvilon.
  2041 | D:2      | Reached **** piety under Zin
  2511 | D:3      | Reached skill level 1 in Conjurations
  2511 | D:3      | Reached skill level 1 in Hexes
  2511 | D:3      | Reached skill level 1 in Summonings
  2511 | D:3      | Reached skill level 1 in Necromancy
  2511 | D:3      | Reached skill level 1 in Translocations
  2511 | D:3      | Reached skill level 1 in Transmutations
  2511 | D:3      | Reached skill level 1 in Fire Magic
  2511 | D:3      | Reached skill level 1 in Ice Magic
  2511 | D:3      | Reached skill level 1 in Air Magic
  2511 | D:3      | Reached skill level 1 in Earth Magic
  2511 | D:3      | Reached skill level 1 in Poison Magic
  2568 | D:3      | Found a bloodstained altar of Trog.
  3407 | D:4      | Reached XP level 5. HP: 44/47 MP: 7/7
  4326 | D:4      | Noticed an ogre
  4359 | D:4      | Killed an ogre
  4360 | D:4      | Reached XP level 6. HP: 9/53 MP: 3/8
  4687 | D:4      | Noticed Ijyb
  4695 | D:4      | Killed Ijyb
  4978 | D:5      | Entered Level 5 of the Dungeon
  5028 | D:5      | Found a shadowy altar of Dithmenos.
  5277 | D:5      | Reached XP level 7. HP: 40/59 MP: 10/10
  5674 | D:5      | Reached skill level 5 in Stealth
  6238 | D:5      | Reached XP level 8. HP: 64/67 MP: 12/12
  6744 | D:5      | Found a staircase to the Ecumenical Temple.
  7365 | D:6      | Reached XP level 9. HP: 62/72 MP: 14/14
  7462 | D:6      | Reached ***** piety under Zin
  7744 | D:6      | Donated 124 gold pieces to Zin
  7775 | D:7      | Noticed a manticore
  7783 | D:7      | Killed a manticore
  7851 | D:7      | Noticed a manticore
  7857 | D:7      | Found a transporter.
  7885 | D:7      | Noticed Cralpanu's ghost (novice HOGl)
  7993 | D:7      | Noticed an ice statue
  8005 | D:7      | Found a transporter.
  8049 | D:7      | Noticed a deep elf pyromancer
  8304 | D:8      | Reached skill level 5 in Invocations
  8588 | D:8      | Reached skill level 5 in Poison Magic
  8729 | D:9      | Found a snail-covered altar of Cheibriados.
  8732 | D:9      | Found a glowing golden altar of the Shining One.
  8736 | D:9      | Reached XP level 10. HP: 79/80 MP: 17/17
  8742 | D:9      | Reached skill level 5 in Short Blades
  8742 | D:9      | Reached skill level 5 in Long Blades
  8742 | D:9      | Reached skill level 5 in Maces & Flails
  8742 | D:9      | Reached skill level 5 in Polearms
  8742 | D:9      | Reached skill level 5 in Staves
  8742 | D:9      | Reached skill level 5 in Slings
  8742 | D:9      | Reached skill level 5 in Bows
  8742 | D:9      | Reached skill level 5 in Crossbows
  8742 | D:9      | Reached skill level 5 in Throwing
  8742 | D:9      | Reached skill level 5 in Armour
  8742 | D:9      | Reached skill level 5 in Shields
  8742 | D:9      | Reached skill level 5 in Unarmed Combat
  8742 | D:9      | Reached skill level 5 in Spellcasting
  8742 | D:9      | Reached skill level 5 in Evocations
  8756 | D:9      | Found a hazy altar of Hepliaklqana.
  8756 | D:9      | Found a basalt altar of Yredelemnul.
  8833 | D:9      | Noticed a two-headed ogre
  8840 | D:9      | Killed a two-headed ogre
  8869 | D:9      | Found a white marble altar of Elyvilon.
  8870 | D:9      | Found a hide-covered altar of Uskayaw.
  8901 | D:9      | Found a sparkling altar of Nemelex Xobeh.
  8952 | D:9      | HP: 1/82 [meliai/+0 hand axe (4)]
  8952 | D:9      | Killed from afar by a meliai

Illustrated notes

Levels and vault maps discovered:
D:1:      dpeg_arrival_arbitrary_b, layout_loops_ring,
          shapermc_ecumenical_altar_starsandcircs
D:2:      layout_basic, basic_altar, kennysheep_generic_room_8
D:3:      layout_loops_corners, nicolae_overflow_hidden_temple,
          dk_noncrumbling_4, grunt_ministairs_9, hangedman_glass_teeth,
          eino_tiny_chamber, kennysheep_generic_room_12
D:4:      layout_loops_ring, minmay_cut_off, uniq_ijyb
D:5:      layout_loops_corners, overflow_temple_1_default,
          minmay_temple_entry_enclosed_plants, portal_sewer_entry_b,
          minmay_manual_moon
D:6:      layout_basic, minmay_misc_feat_columns
D:7:      layout_basic, nzn_ghost_randoct
D:8:      layout_basic, roderic_batcave, corexii_checkpoint_b
D:9:      layout_roguey [special_room_bee], grunt_temple_overflow_open,
          lemuel_crystal_altar, gammafunk_temple_overflow_forgotten,
          dpeg_oklobed_lair, kennysheep_potato, uniq_grum

Skill      XL: |  1  2  3  4  5  6  7  8  9 10 |
---------------+-------------------------------+-----
Invocations    | 1 2 3 4 5 6 |  6.1
Short Blades   | 1 2 3 4 5 |  5.5
Long Blades    | 1 2 3 4 5 |  5.5
Maces & Flails | 1 2 3 4 5 |  5.5
Polearms       | 1 2 3 4 5 |  5.5
Staves         | 1 2 3 4 5 |  5.5
Slings         | 1 2 3 4 5 |  5.5
Bows           | 1 2 3 4 5 |  5.5
Crossbows      | 1 2 3 4 5 |  5.5
Throwing       | 1 2 3 4 5 |  5.5
Armour         | 1 2 3 4 5 |  5.5
Shields        | 1 2 3 4 5 |  5.5
Unarmed Combat | 1 2 3 4 5 |  5.5
Spellcasting   | 1 2 3 4 5 |  5.5
Evocations     | 1 2 3 4 5 |  5.5
Conjurations   | 1 2 3 4 |  4.6
Hexes          | 1 2 3 4 |  4.6
Summonings     | 1 2 3 4 |  4.6
Necromancy     | 1 2 3 4 |  4.6
Translocations | 1 2 3 4 |  4.6
Transmutations | 1 2 3 4 |  4.6
Fire Magic     | 1 2 3 4 |  4.6
Ice Magic      | 1 2 3 4 |  4.6
Air Magic      | 1 2 3 4 |  4.6
Earth Magic    | 1 2 3 4 |  4.6
Poison Magic   | 1 2 3 5 6 |  6.0
Fighting       | 7 8 |  8.7
Axes           | 7 8 |  8.7
Dodging        | 7 8 |  8.7
Stealth        | 5 6 7 |  7.0

Action                   |  1- 3 |  4- 6 |  7- 9 | 10-12 || total
-------------------------+-------+-------+-------+-------++-------
Melee: Hand axe          |   125 |   241 |   324 |       ||   690
       Bite              |     7 |    29 |    72 |     8 ||   116
       Halberd           |       |       |    80 |    36 ||   116
       Scimitar          |       |       |    27 |       ||    27
Invok: Donate Gold       |     1 |       |     1 |       ||     2
       Recite            |       |     3 |     6 |     1 ||    10
  Use: Scroll            |       |    14 |     8 |     1 ||    23
       Potion            |       |       |     7 |       ||     7
 Stab: Sleeping          |     2 |     3 |     9 |       ||    14
       Confused          |       |       |     1 |       ||     1
       Paralysed         |       |       |     1 |       ||     1
       Invisible         |       |       |       |     1 ||     1
Armor: Chain mail        |    92 |    48 |       |       ||   140
       Ring mail         |       |    37 |    73 |       ||   110
       Acid dragon scale |       |       |     8 |     9 ||    17
Dodge: Dodged            |    37 |    99 |   207 |    40 ||   383
Block: Buckler           |       |    49 |    86 |       ||   135
       Rpst.: Scimitar   |       |       |     6 |       ||     6

Table legend: (Time is in decaauts)
 A = Elapsed time spent in this place.
 B = Non-inter-level travel time spent in this place.
 C = Inter-level travel time spent in this place.
 D = Time resting spent in this place.
 E = Time spent auto-exploring this place.
 F = Levels seen in this place.
 G = Mean time per level.
                   A        B        C        D        E       F      G
               +--------+--------+--------+--------+--------+-----+--------+
         Total |   8980 |   8653 |    327 |    732 |   6199 |   9 |  997.8 |
       Dungeon |   8980 |   8653 |    327 |    732 |   6199 |   9 |  997.8 |
               +--------+--------+--------+--------+--------+-----+--------+

Top non-repeatable levels by time:
     D:5: 1844 daAuts
     D:3: 1474 daAuts
     D:4: 1413 daAuts
     D:2: 1139 daAuts
     D:1: 1050 daAuts
     D:6: 825 daAuts
     D:8: 613 daAuts
     D:7: 385 daAuts
     D:9: 234 daAuts
